 Dungeon Crawl Stone Soup version 0.19.5 (webtiles) character file.

2247 tidbits the Nimble (level 9, 0/61 HPs)
             Began as a High Elf Necromancer on Oct 28, 2017.
             Was a Follower of Makhleb.
             Killed from afar by an electric eel (2 damage)
             ... with a bolt of electricity
             ... on level 7 of the Dungeon.
             The game lasted 00:29:24 (2920 turns).

tidbits the Nimble (High Elf Necromancer)           Turns: 2920, Time: 00:29:24

Health: 0/61       AC: 12    Str: 10    XL:     9   Next: 15%
Magic:  17/17      EV: 14    Int: 20    God:    Makhleb [*.....]
Gold:   193        SH:  4    Dex: 16    Spells: 5 memorised, 5 levels left

rFire  + . .     SeeInvis .     h - +1 falchion (holy)
rCold  + . .     Gourm    .     B - +3 ring mail
rNeg   . . .     Faith    .     (no shield)
rPois  .         Spirit   .     E - +0 helmet (curse)
rElec  .         Reflect  +     C - +1 cloak
rCorr  .         Harm     .     G - +0 pair of gloves
MR     .....                    (no boots)
Stlth  +.........               n - +4 amulet of reflection
                                K - ring of protection from fire
                                I - ring of protection from cold

@: heavily drained
A: no striking features
a: Renounce Religion


You were on level 7 of the Dungeon.
You worshipped Makhleb.
Makhleb was aware of your devotion.
You were not hungry.

You visited 2 branches of the dungeon, and saw 8 of its levels.

You collected 193 gold pieces.

Inventory:

Hand Weapons
 a - a +2 whip of freezing
   (You took it off Pikel on level 4 of the Dungeon)
 b - a +1 dagger of pain
   (You took it off an orc on level 5 of the Dungeon)
 g - a +0 blowgun
   (You took it off a kobold on level 3 of the Dungeon)
 h - a +1 falchion of holy wrath (weapon)
   (You took it off an orc on level 6 of the Dungeon)
 o - a +0 hunting sling
   (You found it on level 3 of the Dungeon)
 y - a +0 club
   (You took it off a hobgoblin on level 2 of the Dungeon)
 M - a +0 shortbow
   (You took it off a centaur on level 6 of the Dungeon)
 P - a +0 scythe
   (You took it off Sigmund on level 6 of the Dungeon)
 R - a +0 whip
   (You found it on level 4 of the Dungeon)
 U - a +2 morningstar
   (You took it off a wight on level 7 of the Dungeon)
Missiles
 f - 89 stones (quivered)
 l - 66 arrows
 p - 24 sling bullets
 t - 6 poisoned needles
 A - 6 tomahawks
Armour
 d - a +0 leather armour
   (You found it on level 1 of the Dungeon)
 i - a +0 robe
 k - a +2 robe of cold resistance
   (You took it off Pikel on level 4 of the Dungeon)
 B - a +3 ring mail (worn)
   (You found it on level 2 of the Dungeon)
 C - a +1 cloak (worn)
   (You found it on level 2 of the Dungeon)
 E - a cursed +0 helmet (worn)
   (You found it on level 6 of the Dungeon)
 G - a +0 pair of gloves (worn)
   (You found it on level 5 of the Dungeon)
 V - a +2 robe of cold resistance
   (You took it off a wight on level 7 of the Dungeon)
Jewellery
 n - a +4 amulet of reflection (around neck)
   (You found it on level 3 of the Dungeon)
 q - an uncursed amulet of harm {unknown}
   (You found it on level 6 of the Dungeon)
 H - an uncursed amulet of the gourmand {unknown}
   (You found it on level 5 of the Dungeon)
 I - a ring of protection from cold (left hand)
   (You found it on level 6 of the Dungeon)
 K - a ring of protection from fire (right hand)
   (You found it on level 6 of the Dungeon)
 Q - an uncursed ring of wizardry {unknown}
   (You found it on level 6 of the Dungeon)
Wands
 J - a wand of polymorph (13/24)
   (You found it on level 6 of the Dungeon)
 O - a wand of paralysis (0/24)
   (You found it on level 6 of the Dungeon)
Scrolls
 e - a scroll of blinking {unknown}
 m - 2 scrolls of enchant weapon
 r - 2 scrolls of remove curse {unknown}
 v - a scroll of recharging
 x - 2 scrolls of random uselessness {unknown}
 D - a scroll of teleportation {unknown}
 F - a scroll of enchant armour {unknown}
 N - a scroll of fear {unknown}
Potions
 s - 2 potions of curing
 u - 2 potions of degeneration {unknown}
 w - a potion of mutation {unknown}
 z - a potion of heal wounds
Books
 L - a book of Cantrips
   (You found it on level 6 of the Dungeon)

   Spells                             Type                      Level
   a - Confusing Touch                Hexes                        1
   b - Animate Skeleton               Necromancy                   1
   c - Summon Small Mammal            Summoning                    1
   d - Apportation                    Translocation                1
 T - a book of Necromancy

   Spells                             Type                      Level
   a - Pain                           Necromancy                   1
   b - Animate Skeleton               Necromancy                   1
   c - Vampiric Draining              Necromancy                   3
   d - Regeneration                   Charms/Necromancy            3
   e - Animate Dead                   Necromancy                   4
   f - Control Undead                 Necromancy                   4
Comestibles
 c - 3 bread rations
 j - 4 meat rations


   Skills:
 - Level 5.4(3.4) Fighting
 + Level 0.8(0.0) Long Blades
 - Level 8.7(6.5) Dodging
 - Level 2.1(0.3) Stealth
 - Level 2.4(0.6) Unarmed Combat
 - Level 4.9(2.9) Spellcasting
 - Level 5.6(3.6) Necromancy


You had 5 spell levels left.
You knew the following spells:

 Your Spells              Type           Power        Failure   Level  Hunger
a - Pain                  Necr           ###.         12%         1    None
n - Animate Skeleton      Necr           N/A          12%         1    None
r - Regeneration          Chrm/Necr      ##........   56%         3    ###....
u - Control Undead        Necr           ###.......   87%         4    ####...
v - Vampiric Draining     Necr           ###.......   30%         3    ###....


Dungeon Overview and Level Annotations

Branches:
Dungeon (7/15)             Temple (1/1) D:5

Altars:
Ashenzari
Cheibriados
Dithmenos
Elyvilon
Fedhas
Gozag
Kikubaaqudgha
Makhleb
Nemelex Xobeh
Okawaru
Ru
Uskayaw
Vehumet
Xom
Yredelemnul
Zin
The Shining One


Message History

* * * LOW HITPOINT WARNING * * *
The jelly is severely wounded.
The jelly misses you.
You hit the jelly.
Your hands burn!
* * * LOW HITPOINT WARNING * * *
The jelly is almost dead.
The jelly hits you but does no damage.
You hit the jelly.
You kill the jelly!
Makhleb accepts your kill.
The electric eel is no longer paralysed.
You feel much better.
The electric eel shoots out a bolt of lightning at you!
The bolt of electricity hits you!
You hit the electric eel.
The electric eel is moderately wounded.
You closely miss the electric eel.
The electric eel is moderately wounded.
Your magical contamination has completely faded away.
You hit the electric eel.
The electric eel is heavily wounded.
The electric eel shoots out a bolt of lightning at you!
The bolt of electricity hits you!
You hit the electric eel.
The electric eel is heavily wounded.
The electric eel shoots out a bolt of lightning at you!
The bolt of electricity hits you!
A hound comes into view.
Your ring mail prevents you from hitting the electric eel.
The electric eel is heavily wounded.
The hound barks!
The electric eel shoots out a bolt of lightning at you!
The bolt of electricity misses you.
You hit the electric eel.
The electric eel is severely wounded.
The electric eel shoots out a bolt of lightning at you!
The bolt of electricity misses you.
You hit the electric eel.
The electric eel is almost dead.
You barely miss the electric eel.
The electric eel is almost dead.
The hound misses you.
You riposte.
You hit the hound.
The hound is lightly wounded.
The electric eel shoots out a bolt of lightning at you!
The bolt of electricity hits you!
* * * LOW HITPOINT WARNING * * *
You block the hound's attack.
The electric eel shoots out a bolt of lightning at you!
The bolt of electricity hits you!
* * * LOW HITPOINT WARNING * * *
You closely miss the electric eel.
The electric eel is almost dead.
The hound bites you but does no damage. The hound completely misses you.
You riposte.
You barely miss the hound.
The hound is lightly wounded.
You feel much better. The hound bites you but does no damage.
The electric eel shoots out a bolt of lightning at you!
The bolt of electricity hits you!
You barely miss the electric eel.
The electric eel is almost dead.
The hound bites you.
* * * LOW HITPOINT WARNING * * *
The hound misses you.
The electric eel shoots out a bolt of lightning at you!
The bolt of electricity hits you!
* * * LOW HITPOINT WARNING * * *
You miss the electric eel.
The electric eel is almost dead.
The hound completely misses you.
You riposte.
You barely miss the hound.
The hound is lightly wounded.
The hound misses you.
You miss the electric eel.
The electric eel is almost dead.
You block the hound's attack. The hound closely misses you.
You riposte.
You hit the hound.
The hound is moderately wounded.
The electric eel shoots out a bolt of lightning at you!
The bolt of electricity misses you.
You miss the electric eel.
The electric eel is almost dead.
The hound bites you but does no damage. The hound barely misses you.
The electric eel shoots out a bolt of lightning at you!
The bolt of electricity misses you.
You barely miss the electric eel.
The electric eel is almost dead.
The hound closely misses you.
You riposte.
You hit the hound.
The hound is moderately wounded.
The electric eel shoots out a bolt of lightning at you!
The bolt of electricity hits you!
* * * LOW HITPOINT WARNING * * *
The hound misses you.
You barely miss the electric eel.
The electric eel is almost dead.
The hound bites you.
* * * LOW HITPOINT WARNING * * *
The electric eel shoots out a bolt of lightning at you!
The bolt of electricity misses you. The hound bites you but does no damage.
The electric eel shoots out a bolt of lightning at you!
The bolt of electricity hits you!
You die...

#.#.##.####.# ###
#.#.##.##..<# ... #≈≈.
#.#.##.##.#.###.# #≈≈..
#...##.##.#.....# #≈≈...
###.##.##.###.####≈≈....
...........[...##≈≈...≈.
##...#........##≈≈...≈..
#########.###)#;≈h..≈...
# #.###.'.@≈.≈.... #
#...))#≈≈...≈..$ #
#.)#####≈≈(..≈.. #
#..######≈≈...≈. #######
#.......##≈≈.... .(....#
##.###### #≈≈... #####.#
#.# #≈≈.. #.# #≈≈. #.#


You could see a hound and an electric eel.

Vanquished Creatures
  Pikel (D:4)
  The ghost of p0werm0de the Slasher, a novice HECK of Xom (D:6)
  Sigmund (D:6)
  An ice beast (D:5)
  An orc warrior (D:6)
  An ogre (D:4)
  A centaur (D:6)
  3 scorpions
  5 wights (D:7)
  A crimson imp (D:6)
  2 orc wizards (D:5)
  3 hounds
  An orc priest (D:5)
  A bullfrog zombie (D:7)
  A centaur skeleton (D:4)
  A jelly (D:7)
  A bullfrog skeleton (D:4)
  2 worker ants
  A worker ant zombie (D:5)
  9 adders
  A shadow imp (D:7)
  2 worms (D:4)
  A dart slug (D:5)
  2 leopard geckos
  11 orcs
  5 hobgoblins
  2 jackals (D:3)
  A quokka (D:6)
  4 bats
  3 frilled lizards
  3 kobolds
  A rat (D:2)
74 creatures vanquished.

Vanquished Creatures (collateral kills)
  An ogre (D:6)
  A bullfrog (D:6)
  A shadow imp (D:6)
3 creatures vanquished.

Vanquished Creatures (others)
  A slave (D:5)
  A bullfrog zombie (D:5)
  An orc priest (D:5)
3 creatures vanquished.

Grand Total: 80 creatures vanquished

Notes
Turn   | Place    | Note
-------+----------+-------------------------------------------
     0 | D:1      | tidbits the High Elf Necromancer began the quest for the Orb.
     0 | D:1      | Reached XP level 1. HP: 11/11 MP: 4/4
   140 | D:2      | Reached XP level 2. HP: 10/17 MP: 2/6
   143 | D:2      | Learned a level 1 spell: Animate Skeleton
   367 | D:2      | Reached skill level 3 in Spellcasting
   466 | D:3      | Reached XP level 3. HP: 15/21 MP: 4/8
   517 | D:3      | Learned a level 3 spell: Vampiric Draining
   521 | D:3      | Learned a level 3 spell: Regeneration
   567 | D:2      | Reached skill level 4 in Necromancy
   646 | D:3      | Noticed a sky beast
   832 | D:4      | Reached XP level 4. HP: 12/27 MP: 3/10
   939 | D:5      | Entered Level 5 of the Dungeon
   966 | D:5      | Found a staircase to the Ecumenical Temple.
   973 | Temple   | Entered the Ecumenical Temple
  1049 | Temple   | Became a worshipper of Makhleb the Destroyer
  1127 | D:5      | Noticed a slave
  1128 | D:5      | Noticed a slave
  1128 | D:5      | Noticed a slave
  1128 | D:5      | Noticed Pikel
  1128 | D:5      | Noticed a slave
  1138 | D:5      | Noticed an ogre
  1321 | D:4      | Killed an ogre
  1321 | D:4      | Reached skill level 4 in Spellcasting
  1321 | D:4      | Reached XP level 5. HP: 15/31 MP: 10/12
  1378 | D:4      | Reached skill level 5 in Necromancy
  1546 | D:4      | Reached XP level 6. HP: 28/36 MP: 8/13
  1857 | D:4      | Killed Pikel
  1857 | D:4      | Reached skill level 5 in Fighting
  1857 | D:4      | Reached XP level 7. HP: 50/50 MP: 8/15
  1957 | D:5      | Reached skill level 3 in Dodging
  2076 | D:6      | Reached * piety under Makhleb
  2109 | D:7      | Reached XP level 8. HP: 53/56 MP: 11/16
  2125 | D:6      | Noticed p0werm0de's ghost (novice HECK)
  2155 | D:5      | Learned a level 4 spell: Control Undead
  2156 | D:5      | Reached skill level 4 in Dodging
  2262 | D:5      | Reached skill level 5 in Dodging
  2329 | D:5      | Found an iron altar of Okawaru.
  2329 | D:5      | Found an ancient bone altar of Kikubaaqudgha.
  2354 | D:6      | Noticed Sigmund
  2362 | D:6      | Killed Sigmund
  2362 | D:6      | Reached skill level 6 in Dodging
  2408 | D:6      | Reached skill level 7 in Dodging
  2555 | D:6      | Killed p0werm0de's ghost
  2555 | D:6      | Reached skill level 8 in Dodging
  2688 | D:6      | Reached skill level 1 in Unarmed Combat
  2688 | D:6      | Reached XP level 9. HP: 51/61 MP: 10/17
  2820 | D:7      | Reached skill level 2 in Unarmed Combat
  2912 | D:7      | HP: 6/61 [electric eel/bolt of electricity (13)]
  2920 | D:7      | HP: 2/61 [hound (5)]
  2920 | D:7      | Killed from afar by an electric eel

Skill      XL: |  1  2  3  4  5  6  7  8  9 |
---------------+----------------------------+-----
Spellcasting   | 3 4 |  4.9
Necromancy     | 4 5 |  5.6
Fighting       | 5 |  5.4
Dodging        | 3 8 |  8.7
Unarmed Combat | 1 2 |  2.4
Long Blades    | |  0.8
Stealth        | |  2.1

Action                   |  1- 3 |  4- 6 |  7- 9 || total
-------------------------+-------+-------+-------++-------
Melee: Unarmed           |     2 |    20 |       ||    22
       Club              |    16 |       |       ||    16
       Whip              |       |    26 |    58 ||    84
       Dagger            |       |       |    45 ||    45
       Falchion          |       |       |    89 ||    89
 Fire: Blowgun           |       |     9 |     1 ||    10
Throw: Stone             |       |       |     1 ||     1
 Cast: Pain              |    50 |    17 |    30 ||    97
       Animate Skeleton  |     4 |     3 |     6 ||    13
       Regeneration      |     1 |     5 |     8 ||    14
       Vampiric Draining |     1 |     6 |    14 ||    21
Evoke: Wand              |       |       |    15 ||    15
  Use: Potion            |       |     2 |     2 ||     4
       Scroll            |       |     1 |     6 ||     7
 Stab: Sleeping          |     1 |     1 |     1 ||     3
       Paralysed         |       |       |    15 ||    15
  Eat: Chunk             |       |     4 |     7 ||    11
Armor: Leather armour    |     8 |    13 |       ||    21
       Skin              |       |    14 |       ||    14
       Robe              |       |       |    34 ||    34
       Ring mail         |       |       |    24 ||    24
Dodge: Dodged            |    19 |    38 |   143 ||   200
Block: Other             |     7 |    13 |    28 ||    48
       Reflection        |       |       |     2 ||     2
       Rpst.: Falchion   |       |       |    22 ||    22

Table legend:
 A = Turns spent in this place as a percentage of turns spent in the entire game.
 B = Non-inter-level travel turns spent in this place as a percentage of non-inter-level travel turns spent in the entire game.
 C = Inter-level travel turns spent in this place as a percentage of turns spent in this place.
 D = Turns resting spent in this place as a percentage of non-inter-level travel turns spent in this place.
 E = Turns spent auto-exploring this place as a percentage of non-inter-level travel turns spent in this place.
 F = Non-inter-level travel turns spent in this place divided by the number of levels of this place that you've seen.
                   A       B       C       D       E      F
               +-------+-------+-------+-------+-------+----------------------
         Total | 100.0 | 100.0 |   0.1 |   0.0 |   0.0 | 342.9
       Dungeon |  97.2 |  97.2 |   0.0 |   0.0 |   0.0 | 380.9
        Temple |   2.8 |   2.8 |   1.3 |   0.0 |   0.0 |  77.0
               +-------+-------+-------+-------+-------+----------------------

Table legend:
 A = Kills in this place as a percentage of kills in entire the game.
 B = Kills by you in this place as a percentage of kills by you in the entire game.
 C = Kills by friends in this place as a percentage of kills by friends in the entire game.
 D = Other kills in this place as a percentage of other kills in the entire game.
 E = Experience gained in this place as a percentage of experience gained in the entire game.
 F = Experience gained in this place divided by the number of levels of this place that you have seen.
                   A       B       C       D       E      F
               +-------+-------+-------+-------+-------+----------------------
         Total | 100.0 | 100.0 | 100.0 | 100.0 | 100.0 | 401.2
       Dungeon | 100.0 | 100.0 | 100.0 | 100.0 | 100.0 | 458.6
               +-------+-------+-------+-------+-------+----------------------

Vault maps used:
D:1:      dpeg_arrival_tiny_a, minmay_fountain_box, minmay_door_square
D:2:      uniq_terence
D:3:      serial_bayou_lagoon_a
D:4:      kennysheep_generic_room_14
D:5:      minitemple, temple_fountains, first_bread, kennysheep_generic_room_11,
          uniq_pikel
D:6:      hangedman_decor_opposing, hangedman_decor_points,
          corexii_checkpoint_a, uniq_grinder, uniq_edmund, uniq_sigmund
D:7:      kennysheep_diamond, minivault_27
Temple:   minmay_crystal_spiral_temple
